General information
- name: BNet
- type: Ladder team game (AT/RT)
- host: Battle.net
- saver: Blinn
map: TwistedMeadows
- players: 4
- length: 84:43
- speed: Fast
- version: 1.20 W3XP
- replay type:

» download(378 KB)
Players
team 1 (loser)
ShiBBiNatoR (
orange | 39 APM | 3323 actions | 84:40)
6 Far Seer
3 Feral Spirit
2 Chain Lighting
1 Earth Quake
4 Shadow Hunter
2 Hex
2 Healing Wave
» actions
| Assign group hotkey | 206 | |
| Basic commands | 417 | |
| Build / train | 85 | |
| Enter build submenu | 30 | |
| Enter hero's abilities submenu | 11 | |
| Give item / drop item | 4 | |
| Remove unit from queue | 1 | |
| Right click | 746 | |
| Select / deselect | 579 | |
| Select group hotkey | 1137 | |
| Use ability | 107 | |
3323 total
» units
| Peon | 17 | |
| Grunt | 8 | |
| Demolisher | 13 | |
| Troll Batrider | 20 | |
| Goblin Zeppelin | 2 | |
60 total
» upgrades
| Berserker Strength | 1 | |
| Liquid Fire | 1 | |
| Burning Oil | 1 | |
| Ranged Weapons | 1 | |
| Armor | 1 | |
5 total
» buildings
| Altar of Storms | 1 | |
| Orc Burrow | 8 | |
| Barracks | 2 | |
| Stronghold | 3 | |
| War Mill | 2 | |
| Great Hall | 4 | |
| Fortress | 1 | |
| Voodoo Lounge | 1 | |
| Beastiary | 2 | |
| Watch Tower | 3 | |
27 total
» build order
00:09 Altar of Storms
00:12 Orc Burrow
01:02 Barracks
01:32 Orc Burrow
03:02 Stronghold
04:24 Orc Burrow
04:28 War Mill
05:34 Great Hall
07:07 Fortress
07:25 Orc Burrow
07:30 Voodoo Lounge
07:35 Orc Burrow
08:53 Beastiary
10:39 Orc Burrow
11:42 Beastiary
16:39 Great Hall
16:53 Stronghold
17:44 Great Hall
18:44 Orc Burrow
22:12 Great Hall
22:50 Orc Burrow
25:54 Barracks
25:57 Stronghold
29:33 Watch Tower
29:36 Watch Tower
29:39 Watch Tower
31:05 War Mill
» items
| Scroll of Town Portal | 1 | |
| Dust of Appearance | 2 | |
3 total
spikethewarlord (
teal | 61 APM | 5192 actions | 84:37)
10 Death Knight
3 Death Coil
3 Unholy Aura
1 Animate Dead
3 Death Pact
10 Lich
3 Frost Nova
3 Dark Ritual
1 Death and Decay
3 Frost Armor
» actions
| Assign group hotkey | 77 | |
| Basic commands | 178 | |
| Build / train | 180 | |
| Enter build submenu | 55 | |
| Enter hero's abilities submenu | 20 | |
| Give item / drop item | 5 | |
| Remove unit from queue | 9 | |
| Right click | 2799 | |
| Select / deselect | 1078 | |
| Select group hotkey | 476 | |
| Use ability | 315 | |
5192 total
» units
| Acolyte | 37 | |
| Ghoul | 9 | |
| Crypt Fiend | 28 | |
| Forest Troll Shadow Priest | 1 | |
| Forest Troll Berserker | 1 | |
| Goblin Zeppelin | 7 | |
| Goblin Sapper | 4 | |
| Frost Wyrm | 9 | |
| Gargoyle | 1 | |
97 total
» upgrades
| Creature Attack | 3 | |
| Web | 1 | |
| Burrow | 1 | |
| Creature Carapace | 3 | |
| Freezing Breath | 1 | |
9 total
» buildings
| Altar of Darkness | 1 | |
| Ziggurat | 23 | |
| Crypt | 4 | |
| Tomb of Relics | 1 | |
| Nerubian Tower | 10 | |
| Graveyard | 1 | |
| Halls of the Dead | 5 | |
| Black Citadel | 1 | |
| Necropolis | 4 | |
| Sacrificial Pit | 1 | |
| Boneyard | 2 | |
53 total
» build order
00:05 Altar of Darkness
00:08 Ziggurat
00:32 Crypt
00:53 Ziggurat
01:10 Tomb of Relics
01:24 Nerubian Tower
01:35 Graveyard
01:51 Nerubian Tower
05:20 Ziggurat
06:12 Halls of the Dead
06:12 Halls of the Dead
06:12 Halls of the Dead
07:24 Ziggurat
08:54 Black Citadel
12:29 Ziggurat
12:30 Ziggurat
12:33 Ziggurat
12:35 Ziggurat
17:45 Crypt
17:52 Crypt
27:33 Necropolis
30:54 Nerubian Tower
32:20 Necropolis
33:20 Ziggurat
41:13 Nerubian Tower
41:49 Halls of the Dead
43:52 Necropolis
48:08 Sacrificial Pit
48:28 Nerubian Tower
50:15 Boneyard
51:06 Ziggurat
51:33 Ziggurat
54:19 Nerubian Tower
54:28 Ziggurat
54:35 Ziggurat
54:38 Ziggurat
54:41 Ziggurat
54:44 Ziggurat
54:48 Ziggurat
54:50 Ziggurat
54:51 Ziggurat
55:19 Ziggurat
55:21 Ziggurat
55:45 Nerubian Tower
55:46 Nerubian Tower
55:48 Nerubian Tower
60:23 Boneyard
66:18 Necropolis
73:06 Ziggurat
73:07 Ziggurat
74:02 Nerubian Tower
77:52 Crypt
» items
| Rod of Necromancy | 6 | |
| Dust of Appearance | 11 | |
| Potion of Healing | 1 | |
| Orb of Corruption | 1 | |
| Scroll of Healing | 1 | |
| Scroll of Town Portal | 6 | |
| Boots of Speed | 1 | |
27 total
team 2 (winner)
Blinn (
pink | 82 APM | 6907 actions | 84:43)
10 Blademaster
3 Wind Walk
3 Critical Strike
1 Bladestorm
3 Mirror Image
» actions
| Assign group hotkey | 276 | |
| Basic commands | 10 | |
| Build / train | 113 | |
| Enter build submenu | 30 | |
| Enter hero's abilities submenu | 10 | |
| Give item / drop item | 24 | |
| Remove unit from queue | 10 | |
| Right click | 4862 | |
| Select / deselect | 704 | |
| Select group hotkey | 568 | |
| Use ability | 294 | |
6907 total
» units
» upgrades
| Spiked Barricades | 1 | |
| Liquid Fire | 1 | |
| Ranged Weapons | 2 | |
| Reinforced Defenses | 1 | |
5 total
» buildings
| Altar of Storms | 1 | |
| Orc Burrow | 5 | |
| War Mill | 1 | |
| Watch Tower | 16 | |
| Voodoo Lounge | 1 | |
| Stronghold | 4 | |
| Beastiary | 2 | |
| Fortress | 2 | |
| Great Hall | 1 | |
33 total
» build order
00:02 Altar of Storms
00:13 Orc Burrow
00:37 War Mill
01:51 Watch Tower
01:58 Watch Tower
02:24 Watch Tower
02:53 Voodoo Lounge
02:54 Watch Tower
03:09 Watch Tower
03:27 Orc Burrow
03:59 Watch Tower
04:10 Watch Tower
04:31 Watch Tower
05:14 Stronghold
05:15 Stronghold
05:15 Stronghold
05:53 Watch Tower
06:08 Watch Tower
07:09 Watch Tower
08:25 Watch Tower
08:28 Beastiary
08:30 Beastiary
09:26 Orc Burrow
09:27 Orc Burrow
09:31 Orc Burrow
09:59 Watch Tower
11:15 Fortress
11:15 Fortress
12:58 Great Hall
14:24 Watch Tower
14:25 Watch Tower
14:26 Watch Tower
» items
| Healing Salve | 8 | |
| Lesser Clarity Potion | 13 | |
| Staff of Teleportation | 1 | |
| Potion of Mana | 3 | |
| Potion of Healing | 4 | |
| Orb of Lightning | 1 | |
| Tiny Great Hall | 1 | |
| Potion of Lesser Invulnerability | 4 | |
| Scroll of Town Portal | 3 | |
| Boots of Speed | 1 | |
| Dust of Appearance | 1 | |
40 total
DirtMcGirt (
green | 62 APM | 5247 actions | 84:41)
7 Blademaster
3 Wind Walk
3 Critical Strike
1 Bladestorm
4 Goblin Tinker
2 Pocket Factory
2 Engineering Upgrade
» actions
| Assign group hotkey | 16 | |
| Build / train | 186 | |
| Enter build submenu | 85 | |
| Enter hero's abilities submenu | 12 | |
| Give item / drop item | 8 | |
| Remove unit from queue | 21 | |
| Right click | 3146 | |
| Select / deselect | 1199 | |
| Select group hotkey | 266 | |
| Use ability | 306 | |
5247 total
» units
| Peon | 14 | |
| Troll Batrider | 60 | |
| Goblin Zeppelin | 5 | |
| Tauren | 4 | |
| Spirit Walker | 8 | |
| Goblin Sapper | 1 | |
| Raider | 2 | |
94 total
» upgrades
| Spiked Barricades | 2 | |
| Liquid Fire | 1 | |
| Reinforced Defenses | 1 | |
| Pulverize | 1 | |
| Spirit Walker Training | 2 | |
| Melee Weapons | 3 | |
| Armor | 3 | |
13 total
» buildings
| Altar of Storms | 2 | |
| Orc Burrow | 14 | |
| War Mill | 4 | |
| Watch Tower | 45 | |
| Voodoo Lounge | 3 | |
| Stronghold | 2 | |
| Fortress | 2 | |
| Beastiary | 7 | |
| Great Hall | 5 | |
| Spirit Lodge | 3 | |
| Tauren Totem | 4 | |
91 total
» build order
00:06 Altar of Storms
00:14 Orc Burrow
00:42 War Mill
01:54 Watch Tower
02:01 Watch Tower
02:36 Watch Tower
02:45 Watch Tower
03:22 Watch Tower
03:27 Watch Tower
04:23 Voodoo Lounge
04:25 Stronghold
04:33 Watch Tower
04:39 Watch Tower
04:44 Watch Tower
04:49 Watch Tower
04:55 Watch Tower
05:38 Watch Tower
06:21 Watch Tower
07:21 Fortress
07:25 Beastiary
07:29 Orc Burrow
08:37 Orc Burrow
08:46 Watch Tower
08:50 Watch Tower
09:23 Beastiary
09:40 Orc Burrow
09:58 Watch Tower
10:01 Watch Tower
11:30 Watch Tower
13:00 Great Hall
14:53 Watch Tower
17:23 Watch Tower
17:24 Watch Tower
18:31 Great Hall
20:54 Great Hall
21:15 Watch Tower
21:17 Watch Tower
21:20 Watch Tower
23:42 Orc Burrow
25:56 Watch Tower
25:57 Watch Tower
25:59 Watch Tower
26:11 Watch Tower
26:13 Watch Tower
26:13 Watch Tower
27:54 Altar of Storms
27:58 Watch Tower
28:02 Watch Tower
28:04 Watch Tower
30:12 Orc Burrow
30:15 Orc Burrow
30:20 War Mill
32:13 Orc Burrow
32:31 Watch Tower
32:32 Watch Tower
32:33 Watch Tower
33:39 Watch Tower
33:39 Watch Tower
33:40 Watch Tower
34:07 Stronghold
34:11 Watch Tower
34:16 Watch Tower
35:46 Watch Tower
36:27 Voodoo Lounge
37:21 Watch Tower
38:06 Watch Tower
38:12 Beastiary
38:30 Watch Tower
39:25 Beastiary
40:37 Orc Burrow
40:48 Orc Burrow
46:25 Fortress
48:14 Great Hall
48:37 Spirit Lodge
48:51 Tauren Totem
50:27 Spirit Lodge
50:34 Tauren Totem
53:57 Voodoo Lounge
61:00 Tauren Totem
61:08 Spirit Lodge
61:13 Tauren Totem
62:56 Orc Burrow
64:23 War Mill
66:07 War Mill
71:23 Beastiary
71:24 Beastiary
72:22 Beastiary
73:14 Orc Burrow
73:17 Orc Burrow
73:18 Orc Burrow
80:10 Great Hall
» items
| Healing Salve | 2 | |
| Lesser Clarity Potion | 4 | |
| Orb of Lightning | 1 | |
| Scroll of Town Portal | 1 | |
| Staff of Teleportation | 1 | |
| Potion of Mana | 8 | |
| Potion of Lesser Invulnerability | 2 | |
| Scroll of Protection | 1 | |
| Scroll of Healing | 1 | |
| Tome of Retraining | 2 | |
| Boots of Speed | 1 | |
| Potion of Healing | 2 | |
26 total
Chat log
(00:09 / Allies) DirtMcGirt: hmmmmm
(00:17 / Allies) DirtMcGirt: i must admit
(00:22 / Allies) DirtMcGirt: this map is good for towers
(00:26 / Allies) Blinn: let's do it then
(00:30 / Allies) DirtMcGirt: aihgt
(01:14 / Allies) DirtMcGirt: so this grubby guy is pretty good
(01:15 / Allies) DirtMcGirt: lol
(01:24 / Allies) DirtMcGirt: i saw a video of him today
(01:24 / Allies) Blinn: moon 4life
(01:27 / Allies) DirtMcGirt: of him playing
(01:33 / Allies) DirtMcGirt: he clicks so fast
(01:40 / Allies) Blinn: micro coming out the wazoo
(01:47 / Allies) DirtMcGirt: moon is insane
(02:22 / Allies) DirtMcGirt: eh im just gonna creep
(02:26 / Allies) DirtMcGirt: i hate harrasing ud orc
(02:42 / Allies) Blinn: wonder if that was a misclick
(02:48 / Allies) DirtMcGirt: what/
(02:57 / Allies) Blinn: he coiled me not his aco
(03:02 / Allies) DirtMcGirt: hmm
(03:05 / Allies) DirtMcGirt: who knows
(03:24 / All) spikethewarlord: you cant seriously go double orc and successfully harass...
(03:31 / All) Blinn: ? manner game pls
(03:36 / All) DirtMcGirt: manner game pls
(03:41 / All) ShiBBiNatoR: lol we newb aswell
(03:49 / All) DirtMcGirt: oh hi 2 u
(03:52 / All) Blinn: as well? lol pls
(03:54 / All) DirtMcGirt: we only
(03:56 / All) DirtMcGirt: play sc
(04:04 / All) DirtMcGirt: we new to wc3
(04:21 / All) Blinn: uhm what is like a zerg lurker i like them ^_^ warau
(05:05 / Allies) DirtMcGirt: creep that?
(05:08 / Allies) Blinn: fo sho
(05:09 / Allies) DirtMcGirt: 2gether?
(05:29 / Allies) Blinn: lil gnolls first imo
(05:38 / Allies) Blinn: guh you're in the way
(05:51 / Allies) DirtMcGirt: sorry GAWD
(06:17 / Allies) DirtMcGirt: get this latah
(06:24 / Allies) Blinn: ok lemme just check UD isn't doing anything
(06:33 / Allies) DirtMcGirt: thats pretty tough
(06:41 / Allies) DirtMcGirt: lets creep the shop
(06:42 / Allies) Blinn: i know but both of them with a t1 army could prolly do it
(06:45 / Allies) DirtMcGirt: after
(06:58 / Allies) Blinn: fuycking
(07:01 / All) spikethewarlord: NOOB LOL
(07:06 / All) Blinn: manner pls
(07:12 / Allies) Blinn: i was going for the invul pot
(07:13 / All) spikethewarlord: stfu pls lol
(07:18 / All) Blinn: hypocrit ???
(07:26 / Allies) Blinn: o well only 170 gold
(07:28 / All) spikethewarlord: noob?!
(07:32 / All) Blinn: ud out my base pls
(07:46 / Allies) Blinn: what is this
(07:49 / Allies) Blinn: europe delay shit
(08:33 / Allies) Blinn: kinda gay imo
(08:47 / Allies) Blinn: see that's what happens to me- once I start a bad trend it just perpetuates
(08:55 / Allies) DirtMcGirt: dont let it get to ya
(09:54 / Allies) Blinn: gonna buy a staff of tp from the shop
(10:03 / Allies) DirtMcGirt: good idea
(10:15 / Allies) DirtMcGirt: creep jack
(10:17 / Allies) Blinn: agreed
(10:25 / Allies) Blinn: need a manapot
(10:26 / Allies) Blinn: quick
(10:46 / Allies) DirtMcGirt: lol
(10:51 / Allies) DirtMcGirt: jacked
(10:57 / Allies) Blinn: jesus
(11:03 / Allies) Blinn: i've fed him up to level 4
(11:35 / Allies) Blinn: wanna try creep an expo or something
(11:38 / Allies) DirtMcGirt: yeah
(11:43 / Allies) DirtMcGirt: bring bats
(11:46 / Allies) Blinn: on their way
(11:58 / Allies) DirtMcGirt: take trappers first
(12:21 / Allies) DirtMcGirt: ww
(12:22 / Allies) DirtMcGirt: let me tank
(12:35 / Allies) Blinn: you know they can't hit bats without trappers
(12:42 / Allies) DirtMcGirt: yeah
(12:52 / Allies) DirtMcGirt: bats take long
(12:55 / Allies) DirtMcGirt: to kill them though
(13:01 / Allies) Blinn: putting up the expo
(13:03 / Allies) Blinn: then let's hit orc
(13:07 / Allies) DirtMcGirt: hmm
(13:11 / Allies) DirtMcGirt: i already have a peon there
(13:19 / Allies) DirtMcGirt: you want it?
(13:19 / Allies) Blinn: ok np you take that one
(13:21 / Allies) Blinn: nah it's cool
(13:29 / Allies) DirtMcGirt: take these as well later
(13:32 / Allies) Blinn: when we get zeps
(13:36 / Allies) Blinn: you t3?
(13:41 / Allies) DirtMcGirt: yeah
(13:47 / Allies) Blinn: get liquid fire and an orb
(13:49 / Allies) Blinn: and let's roll to orc
(13:50 / Allies) DirtMcGirt: let me get a couple more bats
(13:51 / Allies) DirtMcGirt: yeah
(13:55 / Allies) Blinn: try keep them off our expo
(14:05 / Allies) DirtMcGirt: lol bats
(14:08 / Allies) Blinn: i can appreciate
(14:12 / Allies) Blinn: the sentiment
(14:18 / Allies) Blinn: we have buildings therefore siege
(14:20 / Allies) DirtMcGirt: fuck
(14:50 / Allies) Blinn: ready to orc?
(14:55 / Allies) DirtMcGirt: yeah
(15:14 / Allies) Blinn: bring bats up and around imo
(15:29 / Allies) Blinn: jig is up
(15:29 / Allies) Blinn: go for it
(15:31 / All) ShiBBiNatoR: nah
(16:12 / Allies) DirtMcGirt: focus
(16:16 / Allies) DirtMcGirt: the fs with hero
(16:36 / Allies) Blinn: nice
(16:42 / Allies) Blinn: get some
(16:43 / Allies) Blinn: peons
(17:22 / Allies) Blinn: damnit
(17:37 / Allies) Blinn: well we're ahead anyway
(17:39 / Allies) DirtMcGirt: lets creep this
(17:43 / Allies) Blinn: right on
(17:45 / Allies) DirtMcGirt: while we bat
(17:51 / Allies) Blinn: maybe finish
(17:53 / Allies) Blinn: orange off compeltely
(17:55 / Allies) DirtMcGirt: getting some creep support
(18:00 / Allies) DirtMcGirt: burrows rape bats
(18:02 / Allies) DirtMcGirt: sadly
(18:19 / Allies) Blinn: da lil'est tinker
(18:25 / Allies) Blinn: what I might do is
(18:26 / Allies) Blinn: juke em
(18:32 / Allies) Blinn: look like I'm going to teal then turn around and finish orange
(18:41 / Allies) Blinn: i'd say start up an expo
(18:46 / Allies) DirtMcGirt: yeha
(18:49 / Allies) DirtMcGirt: after tower is done
(18:51 / Allies) DirtMcGirt: i got it qued
(19:05 / Allies) DirtMcGirt: creeping bottom right
(19:11 / Allies) Blinn: ok i'll staff in a sec
(19:12 / Allies) Blinn: gotta check expo
(19:19 / Allies) Blinn: these kids
(19:27 / Allies) Blinn: leave items everywhere
(19:38 / Allies) Blinn: aha
(19:47 / Allies) Blinn: if he tps in or runs in i'll staff out
(20:13 / Allies) Blinn: pot of divinity
(20:13 / Allies) Blinn: nice
(20:22 / Allies) Blinn: cool got him to TP in
(20:29 / Allies) DirtMcGirt: ueaj
(20:41 / Allies) Blinn: orange may be creeping
(20:42 / Allies) Blinn: this
(20:46 / Allies) Blinn: saw a bat fly there
(20:48 / Allies) DirtMcGirt: oh wells
(21:02 / Allies) DirtMcGirt: lets bat it
(21:09 / Allies) Blinn: that hex is a joke
(21:13 / Allies) Blinn: bats en route
(21:17 / Allies) Blinn: then we'll take his expo
(21:21 / Allies) Blinn: mother
(22:06 / Allies) Blinn: not creeped
(22:07 / Allies) Blinn: get this
(22:16 / Allies) DirtMcGirt: on it
(22:28 / Allies) DirtMcGirt: ill clear this
(22:29 / Allies) DirtMcGirt: for you
(22:32 / Allies) DirtMcGirt: and bring a peasatn
(22:35 / Allies) DirtMcGirt: of yours over
(22:40 / Allies) Blinn: i'll tp in with
(22:42 / Allies) Blinn: a minihall
(23:13 / Allies) Blinn: try take out peasants if you can
(23:32 / Allies) Blinn: we need to constantly check expos
(23:49 / Allies) Blinn: ack mother
(23:50 / Allies) Blinn: i didn't see that
(24:06 / Allies) Blinn: staffing
(24:17 / Allies) DirtMcGirt: hittin oh
(24:21 / Allies) Blinn: good thinking
(25:26 / Allies) Blinn: the little
(25:28 / Allies) Blinn: bastard
(25:28 / Allies) Blinn: gold pls
(25:36 / Allies) Blinn: 200 or so
(25:46 / Allies) Blinn: thanks
(25:57 / Allies) Blinn: can you zeppelin a land unit here?
(26:03 / Allies) DirtMcGirt: no zep
(26:05 / Allies) Blinn: damn
(26:08 / Allies) DirtMcGirt: getting another
(26:10 / Allies) Blinn: keep checking expos with your BM
(26:20 / Allies) Blinn: i'll go hit teal
(26:22 / Allies) Blinn: try get him off you
(26:37 / Allies) DirtMcGirt: nah
(26:43 / Allies) DirtMcGirt: letting that die
(26:50 / Allies) Blinn: get my tiny hall
(26:54 / Allies) Blinn: if i can't get it
(26:57 / Allies) DirtMcGirt: ok
(27:06 / Allies) DirtMcGirt: running like da wind
(27:18 / Allies) Blinn: thanks
(27:40 / Allies) Blinn: have you completely finished orange?
(27:47 / Allies) DirtMcGirt: im not sure
(28:06 / Allies) Blinn: i'll run around and check expos
(28:27 / Allies) DirtMcGirt: lcear
(28:52 / Allies) DirtMcGirt: here
(28:57 / Allies) DirtMcGirt: let me tp you to the island
(29:02 / Allies) DirtMcGirt: and ill give u tiny ahll
(29:08 / Allies) Blinn: hm
(29:19 / Allies) Blinn: i need to head home
(29:25 / Allies) DirtMcGirt: ok
(29:28 / Allies) DirtMcGirt: ill expo there then
(29:29 / Allies) Blinn: try
(29:31 / Allies) DirtMcGirt: just ask for gold
(29:32 / Allies) Blinn: use my bats
(30:36 / Allies) DirtMcGirt: you good?
(30:38 / Allies) DirtMcGirt: i can staff in
(30:40 / Allies) DirtMcGirt: and wreck shit
(30:48 / Allies) Blinn: it's gone for sure
(30:53 / Allies) Blinn: just focus on making sure orange
(30:54 / Allies) Blinn: has nothing
(31:01 / Allies) DirtMcGirt: no he does
(31:02 / Allies) Blinn: check like
(31:05 / Allies) DirtMcGirt: cause hes making siege
(31:16 / Allies) Blinn: fuck we gotta take this out
(31:32 / Allies) DirtMcGirt: omw
(31:38 / Allies) DirtMcGirt: ww
(31:40 / Allies) DirtMcGirt: ill tank
(32:11 / Allies) Blinn: teal
(32:14 / Allies) Blinn: almost definitely en route
(32:53 / Allies) DirtMcGirt: im invull
(32:58 / Allies) DirtMcGirt: dont let peons out
(32:59 / Allies) Blinn: yeah i know
(33:03 / Allies) Blinn: got no health tbh
(33:09 / Allies) Blinn: ww
(33:23 / Allies) DirtMcGirt: i got all the peasants
(33:25 / Allies) Blinn: Tojara you are a legend among men
(33:39 / Allies) Blinn: kill this
(33:46 / Allies) DirtMcGirt: what?
(33:48 / Allies) DirtMcGirt: hmm
(33:58 / Allies) Blinn: check imo
(34:07 / Allies) Blinn: fuck discovered
(34:15 / Allies) Blinn: unfortunately teal almost definitely has
(34:20 / Allies) DirtMcGirt: THEY N
(34:22 / Allies) DirtMcGirt: they need zeps
(34:30 / Allies) Blinn: sec
(35:01 / Allies) Blinn: damn
(35:13 / Allies) DirtMcGirt: omw
(36:02 / Allies) Blinn: got orange's zep
(36:10 / Allies) Blinn: damn close call
(36:19 / Allies) Blinn: can you put up a shop?
(36:30 / Allies) Blinn: also shiiit
(36:31 / Allies) Blinn: i'm an idiot
(36:41 / Allies) Blinn: o more pressing matters
(36:42 / Allies) DirtMcGirt: ?
(36:45 / Allies) Blinn: well i was dusted
(36:47 / Allies) Blinn: when I tped here
(36:49 / Allies) Blinn: so they know about it
(37:18 / Allies) Blinn: gah staff of tp cooldown
(37:40 / Allies) Blinn: coming
(37:41 / Allies) Blinn: in
(38:00 / Allies) Blinn: 6
(38:18 / Allies) DirtMcGirt: yerp
(38:20 / Allies) Blinn: now shit do I have any workers out?
(38:23 / Allies) Blinn: no i don't think so
(38:25 / Allies) DirtMcGirt: check epos
(38:28 / Allies) Blinn: doing so
(38:37 / Allies) Blinn: just this left over
(38:53 / All) DirtMcGirt: i have a shitload of gold
(38:57 / All) spikethewarlord: cool?
(38:58 / Allies) DirtMcGirt: thinking about just getting an army
(39:04 / Allies) Blinn: what beats fiends?
(39:09 / Allies) DirtMcGirt: taurent lol
(39:11 / Allies) Blinn: go for the
(39:13 / Allies) Blinn: zep
(39:22 / Allies) Blinn: nice
(39:52 / Allies) Blinn: gonna go see
(39:55 / Allies) Blinn: in main
(39:56 / Allies) DirtMcGirt: feed me
(40:00 / Allies) Blinn: feed you what?
(40:25 / Allies) Blinn: what happened
(40:28 / Allies) DirtMcGirt: nuked
(40:34 / Allies) Blinn: going to tavern
(40:42 / Allies) DirtMcGirt: no im resing already
(40:58 / Allies) Blinn: this is like ultimate guerilla warfare by the way
(41:03 / Allies) DirtMcGirt: yeah
(41:06 / Allies) Blinn: can i get 30 gold
(41:10 / Allies) DirtMcGirt: no
(41:12 / Allies) DirtMcGirt: hehehehe
(41:15 / Allies) Blinn: can i get 100 gold and give 70 back
(41:21 / Allies) DirtMcGirt: keep the change
(41:24 / Allies) Blinn: oops o well
(41:25 / Allies) DirtMcGirt: you vagabond
(41:31 / Allies) Blinn: i just got an invul pot
(41:33 / Allies) Blinn: for bladefury
(41:33 / Allies) DirtMcGirt: careful dont die
(41:34 / Allies) DirtMcGirt: nice
(41:37 / Allies) Blinn: or storm even
(41:42 / Allies) Blinn: checking expos
(41:53 / Allies) Blinn: reckon we can creep this?
(41:54 / Allies) DirtMcGirt: takin dis
(41:59 / Allies) DirtMcGirt: hells yeah
(42:03 / Allies) DirtMcGirt: i creeped the other 3
(42:07 / Allies) DirtMcGirt: didnt I?
(42:10 / Allies) Blinn: true but
(42:11 / Allies) Blinn: you had more bats
(42:17 / Allies) Blinn: or wait I forgot you have like a million gold
(42:21 / Allies) DirtMcGirt: i almost got 12
(42:38 / Allies) Blinn: going to his main to piss him off
(42:44 / Allies) Blinn: reckon I should BS his main?
(42:48 / Allies) DirtMcGirt: me too
(42:49 / Allies) Blinn: or do you wanna syncrhnoise that
(42:50 / Allies) DirtMcGirt: hit main
(42:52 / Allies) DirtMcGirt: i will ult
(43:13 / Allies) Blinn: nono
(43:33 / Allies) Blinn: that didn't
(43:33 / Allies) Blinn: work
(43:47 / Allies) DirtMcGirt: get another invul pot
(43:54 / Allies) Blinn: notice dis
(43:55 / Allies) Blinn: patroling
(44:07 / Allies) DirtMcGirt: nice
(44:22 / Allies) DirtMcGirt: im gonna make tauren i think
(44:31 / Allies) DirtMcGirt: after i take dis
(44:32 / Allies) Blinn: yeah feel free to spend that gold
(44:36 / Allies) Blinn: If I die
(44:39 / Allies) Blinn: I'll help you micro :v:
(44:41 / Allies) DirtMcGirt: ok
(44:49 / Allies) Blinn: if you got enough bats
(44:51 / Allies) DirtMcGirt: im sucking mines dry
(44:52 / Allies) Blinn: we can try suicide his main
(45:03 / Allies) DirtMcGirt: we got the cash to do it
(45:03 / Allies) Blinn: as in dual ultimates again
(45:08 / Allies) Blinn: and just smack it
(45:13 / Allies) DirtMcGirt: yeah
(45:21 / Allies) DirtMcGirt: just make sure you got invul
(45:27 / Allies) DirtMcGirt: or tp scroll
(45:38 / Allies) Blinn: we gotta act like
(45:38 / Allies) Blinn: now
(45:47 / Allies) DirtMcGirt: creepin dis
(45:48 / Allies) DirtMcGirt: then
(45:50 / Allies) Blinn: ok
(45:52 / Allies) DirtMcGirt: no worrie he cant do shit
(45:55 / Allies) DirtMcGirt: im getting tauren
(46:00 / Allies) DirtMcGirt: after i creep that
(46:10 / Allies) Blinn: dumb scrub
(46:13 / Allies) Blinn: when he goes main i go expo
(46:17 / Allies) Blinn: and vica versa
(46:29 / Allies) Blinn: haha
(46:34 / Allies) Blinn: he's just tping and running
(46:38 / Allies) Blinn: back and forth
(47:19 / Allies) Blinn: still hasnt learnt
(48:02 / Allies) Blinn: sorry i felt like stealin a pot
(48:07 / Allies) DirtMcGirt: np
(48:12 / Allies) Blinn: how many bats have you
(48:23 / Allies) DirtMcGirt: used them to creep
(48:25 / Allies) DirtMcGirt: so 4
(48:27 / Allies) Blinn: hmm
(48:29 / Allies) DirtMcGirt: wow
(48:32 / Allies) DirtMcGirt: im getting tauren
(48:33 / Allies) DirtMcGirt: +
(48:38 / Allies) DirtMcGirt: spirit ones
(48:46 / Allies) Blinn: ok get an invul pot
(48:50 / Allies) Blinn: and lets try kill as many fiends
(48:51 / Allies) Blinn: as we can
(49:02 / Allies) DirtMcGirt: ok
(49:07 / Allies) Blinn: i think that's a worthwhile effort
(49:07 / Allies) DirtMcGirt: hit this
(49:17 / Allies) Blinn: you could also expo hewre
(49:50 / Allies) DirtMcGirt: go after dk
(50:00 / Allies) DirtMcGirt: tp
(50:04 / Allies) Blinn: didn't
(50:05 / Allies) Blinn: have
(50:05 / Allies) DirtMcGirt: phew
(50:07 / Allies) Blinn: but that was some close shit
(50:13 / Allies) DirtMcGirt: buying back
(50:17 / Allies) DirtMcGirt: was worht it
(50:25 / Allies) Blinn: ooh
(50:26 / Allies) Blinn: close
(50:43 / Allies) Blinn: taaaurreeen
(51:07 / Allies) Blinn: so will I be able to res my hero
(51:09 / Allies) Blinn: if I have no burrows or shit?
(51:13 / Allies) DirtMcGirt: no
(51:19 / Allies) DirtMcGirt: no altar either
(51:21 / Allies) Blinn: dayum
(51:37 / Allies) DirtMcGirt: tp scroll is optimal
(51:39 / Allies) DirtMcGirt: invul tp
(51:44 / Allies) Blinn: even so
(51:49 / Allies) Blinn: death coil level 3 is ridiculous
(52:09 / Allies) DirtMcGirt: protect that
(52:10 / Allies) DirtMcGirt: asap
(52:12 / Allies) Blinn: what?
(52:17 / Allies) Blinn: omw
(52:29 / Allies) Blinn: getting invul
(52:42 / Allies) Blinn: noo
(53:21 / Allies) Blinn: YES
(53:41 / Allies) Blinn: fantastic fantastic fantastic
(53:47 / Allies) DirtMcGirt: gfj
(53:51 / Allies) Blinn: expo at some point by the way
(53:52 / Allies) DirtMcGirt: like how i saved him?
(53:56 / Allies) Blinn: it was most pro
(54:05 / Allies) DirtMcGirt: proest plays 2006
(54:10 / Allies) Blinn: Perfect play
(54:29 / Allies) Blinn: this is never going to stop being entertaining
(54:41 / Allies) Blinn: boneyard
(54:42 / Allies) DirtMcGirt: and i can res tauren
(55:07 / Allies) Blinn: would be nice to level this base
(55:11 / Allies) Blinn: but only when you're ready good buddy :V
(55:25 / Allies) DirtMcGirt: almost
(55:27 / Allies) DirtMcGirt: get ready
(55:40 / Allies) Blinn: ok gonna go pick up an invuln
(55:45 / Allies) Blinn: some gold ifyouplease
(55:58 / Allies) Blinn: thanking you
(55:59 / Allies) Blinn: let's finish this
(56:28 / Allies) Blinn: ouch a fuck
(57:00 / Allies) Blinn: o dear
(57:03 / Allies) DirtMcGirt: nah
(57:06 / Allies) DirtMcGirt: im skippin tinker
(57:07 / Allies) DirtMcGirt: getting bats
(57:08 / Allies) DirtMcGirt: gg
(57:14 / Allies) Blinn: well bats will get webbed
(57:20 / Allies) Blinn: but with a bit of micro we shoudl do it
(57:27 / Allies) DirtMcGirt: yeah
(57:30 / Allies) Blinn: getting dust
(57:32 / Allies) Blinn: don't move tuanre
(57:50 / Allies) Blinn: inc imo
(57:53 / Allies) DirtMcGirt: yeah
(57:58 / Allies) Blinn: hoep u got bats
(58:07 / Allies) DirtMcGirt: 2
(58:44 / Allies) Blinn: where is tojara
(59:45 / Allies) DirtMcGirt: ok
(59:47 / Allies) DirtMcGirt: tryin this again
(59:58 / Allies) Blinn: when dk and lich
(59:59 / Allies) Blinn: get 10
(60:01 / Allies) Blinn: it may be over
(60:03 / Allies) DirtMcGirt: no
(60:06 / Allies) DirtMcGirt: pshhh
(60:14 / Allies) Blinn: gonna harrass
(60:23 / Allies) Blinn: but there's not so much can be done
(60:32 / Allies) DirtMcGirt: check expos
(60:41 / Allies) Blinn: been patrolling
(60:42 / Allies) Blinn: fo life
(61:26 / Allies) Blinn: urgh
(61:30 / Allies) DirtMcGirt: ?
(61:38 / Allies) Blinn: there's really nothing can be done
(61:39 / Allies) DirtMcGirt: its ok
(61:50 / All) DirtMcGirt: and you have no units
(62:52 / Allies) DirtMcGirt: ty
(62:55 / Allies) Blinn: why do you think more tauren will beat frost wyrms
(63:01 / Allies) DirtMcGirt: heheh bats will
(63:08 / Allies) Blinn: you got enough?
(63:16 / Allies) DirtMcGirt: i will have ten or so
(63:41 / Allies) DirtMcGirt: out
(63:41 / Allies) DirtMcGirt: out
(63:45 / Allies) DirtMcGirt: nice
(64:03 / Allies) Blinn: gayness
(64:12 / Allies) DirtMcGirt: ?
(64:18 / Allies) Blinn: teal coming
(64:25 / Allies) DirtMcGirt: lol
(64:28 / Allies) Blinn: looked just like it
(64:29 / Allies) DirtMcGirt: 760 gold
(64:30 / Allies) DirtMcGirt: let him
(64:50 / Allies) DirtMcGirt: im ready to end this
(64:58 / Allies) DirtMcGirt: fully upgraded tauren
(65:04 / Allies) Blinn: do not beat wyrms?
(65:12 / Allies) DirtMcGirt: bats do
(65:17 / Allies) Blinn: ok
(65:24 / Allies) Blinn: we gonna hit his main?
(65:29 / Allies) DirtMcGirt: no
(65:30 / Allies) DirtMcGirt: expo
(65:35 / Allies) DirtMcGirt: main i guess
(65:40 / Allies) DirtMcGirt: gonna hit tha
(66:30 / Allies) Blinn: bladestorm?
(66:38 / Allies) DirtMcGirt: wait for me
(66:43 / Allies) Blinn: argh
(66:46 / Allies) Blinn: autoattack bat faggot
(66:56 / Allies) Blinn: fuk
(67:00 / Allies) Blinn: opportunity missed
(67:07 / Allies) Blinn: you hit his mian
(67:18 / Allies) Blinn: then i'l start fucking up his shit
(67:20 / Allies) Blinn: if he leaves
(67:25 / Allies) DirtMcGirt: ok
(68:21 / Allies) Blinn: tping
(69:25 / Allies) Blinn: ugh
(69:28 / Allies) Blinn: is this even worth it
(69:51 / Allies) DirtMcGirt: sigh im dumb
(69:55 / Allies) DirtMcGirt: i need to take out wyvs first
(69:57 / Allies) DirtMcGirt: duhhh
(69:59 / Allies) DirtMcGirt: hes real low
(70:01 / Allies) DirtMcGirt: on gold though
(70:13 / Allies) Blinn: lets outlast him
(70:15 / Allies) DirtMcGirt: so we alternate
(70:17 / Allies) DirtMcGirt: with what we hit
(70:19 / Allies) DirtMcGirt: yeah
(70:56 / Allies) Blinn: some gold please
(71:10 / Allies) Blinn: thanks
(71:19 / Allies) Blinn: i think we need to kill his main
(71:22 / Allies) Blinn: so he can't get any more t3
(71:53 / Allies) Blinn: down
(71:57 / Allies) Blinn: i hope you have a lot of bats
(72:05 / Allies) Blinn: wyrms are probably on their way
(72:16 / Allies) DirtMcGirt: roger
(72:32 / Allies) Blinn: expo done
(72:58 / Allies) DirtMcGirt: we need to ge tthat one
(73:16 / Allies) Blinn: if you hit it I'll start taking out
(73:19 / Allies) Blinn: important stuff in his main
(73:29 / Allies) DirtMcGirt: yeah
(73:36 / Allies) DirtMcGirt: i think im saving tauren for later
(73:51 / Allies) Blinn: i reckon this is done by the way
(73:55 / Allies) DirtMcGirt: yeah
(74:11 / Allies) Blinn: ok got enough to get in position and storm
(74:15 / Allies) Blinn: i'll try take out zigs and boneyard
(74:18 / Allies) DirtMcGirt: ok
(74:41 / Allies) DirtMcGirt: they are there
(74:42 / Allies) DirtMcGirt: gogogo
(74:59 / Allies) Blinn: nowehere to tp 2
(75:06 / Allies) Blinn: got 4 zigs
(75:08 / Allies) Blinn: in one go
(76:05 / Allies) Blinn: urgh
(76:34 / Allies) DirtMcGirt: tavern pls
(76:38 / Allies) Blinn: one sec
(77:43 / Allies) Blinn: he has hundreds of wymrs
(77:52 / Allies) DirtMcGirt: finish of his main
(78:07 / Allies) DirtMcGirt: this will require bat micro
(78:41 / Allies) Blinn: if he comes
(78:42 / Allies) DirtMcGirt: ok
(78:43 / Allies) Blinn: instantly go to
(78:44 / Allies) Blinn: expo
(78:48 / Allies) DirtMcGirt: here is the plan
(78:50 / Allies) DirtMcGirt: we hit expo
(79:15 / Allies) DirtMcGirt: now
(79:37 / Allies) Blinn: storm
(79:37 / Allies) Blinn: yes
(79:52 / Allies) DirtMcGirt: base rape
(79:53 / Allies) Blinn: i think we might pull it out
(79:55 / Allies) DirtMcGirt: its come down to this
(80:25 / Allies) Blinn: i'm grabbing a bat
(80:26 / Allies) Blinn: take
(80:28 / Allies) DirtMcGirt: its a base rape
(80:29 / Allies) Blinn: him out of control
(80:30 / Allies) Blinn: i wanna scout
(80:31 / Allies) Blinn: he may have
(81:16 / Allies) Blinn: wanna finish this
(81:21 / Allies) DirtMcGirt: noo
(81:25 / Allies) DirtMcGirt: so he cant make acos
(81:26 / Allies) DirtMcGirt: and hit
(81:31 / Allies) Blinn: urgh
(81:38 / Allies) Blinn: get these out
(81:48 / Allies) Blinn: fucking hell
(81:52 / Allies) Blinn: frost nova
(82:04 / Allies) Blinn: what are you doing dude
(82:06 / Allies) Blinn: if you use up all the bats
(82:11 / Allies) Blinn: produce more fast
(82:37 / Allies) Blinn: let's get a zep
(82:39 / Allies) Blinn: i got BS up
(82:45 / Allies) DirtMcGirt: same
(82:49 / Allies) Blinn: 60 lum
(82:51 / Allies) Blinn: or use it on me
(82:54 / Allies) DirtMcGirt: i got it
(82:56 / Allies) DirtMcGirt: alrady
(82:59 / Allies) Blinn: wher
(83:02 / Allies) Blinn: ok
(83:18 / Allies) Blinn: bring bats
(83:20 / Allies) Blinn: last ditch attempt
(83:22 / Allies) DirtMcGirt: hiding halls all voe
(83:38 / Allies) Blinn: just bs everything
(84:25 / Allies) DirtMcGirt: get dk
(84:25 / Allies) DirtMcGirt: nice
(84:36 / Allies) Blinn: that's all they have